AoeStats
← meditator27

Team Islands

503720760Analyzed
4v4 RM · 29d ago on Sep 2, 2026· 29m 7s· 8 players
Game mode
Random Map
Map size
242×242
Population
200
Speed
Normal
Resources
Standard
Victory
Conquest
Starting age
Dark Age
Ending age
Imperial Age
RankedLock teamsTeams togetherTeam positionsShared explorationLock speedFull tech treeHidden civsTurbo modeCheats
Victory
Defeat
🇧🇷 Saracens · Brazil
1262
+12
🇨🇱 Portuguese · Chile
1193
+15
🇨🇦 Romans · Canada
1178
+16
🇧🇷 Japanese · Brazil
1176
+16
🇹🇼 Koreans · Taiwan
1213
-17
🇹🇼 Persians · Taiwan
1205
-16
🇲🇽 Saracens · Mexico
1154
-14
🇺🇸 Spanish · United States
1111
-12
Theodore
6:32 Loom
10:20 Feudal Age
10:49 Fishing Lines
11:09 Double-Bit Axe
11:35 Town Watch
13:29 Town Watch
14:21 Loom
19:12 Fletching
23:00 Castle Age
20:55 Stone Mining
20:57 Gold Mining
21:55 Scale Barding Armor
22:01 Forging
24:07 Loom
24:41 Pikeman
26:49 Chain Barding Armor
Pegui
5:03 Loom
8:07 Loom
10:45 Feudal Age
11:12 Double-Bit Axe
13:28 Wheelbarrow
13:27 Town Watch
15:15 Fletching
16:46 Horse Collar
20:29 Castle Age
18:44 Gold Mining
21:26 Medium Warships
21:17 Bodkin Arrow
24:20 Hand Cart
25:40 Padded Archer Armor
29:32 Ballistics
Leite Quente
8:52 Loom
10:54 Feudal Age
11:39 Town Watch
16:12 Castle Age
14:45 Fletching
14:58 Double-Bit Axe
17:33 Medium Warships
20:24 Ballistics
20:30 Bodkin Arrow
25:58 Husbandry
29:12 Wheelbarrow
28:21 Horse Collar
28:51 Bow Saw
nobody
3:26 Loom
11:30 Feudal Age
12:00 Double-Bit Axe
13:11 Man-at-Arms
15:13 Forging
15:56 Scale Mail Armor
20:26 Fishing Lines
21:17 Horse Collar
22:43 Wheelbarrow
25:22 Castle Age
25:14 Fletching
25:29 Pikeman
26:10 Squires
26:32 Gillnets
26:49 Gold Mining
28:23 Bow Saw
kiubi23cch
3:15 Loom
9:18 Feudal Age
10:58 Double-Bit Axe
19:44 Castle Age
20:57 Wheelbarrow
28:05 Imperial Age
25:31 Horse Collar
26:30 Heavy Plow
moonmichael
15:50 Feudal Age
15:53 Man-at-Arms
16:20 Arson
17:18 Forging
17:09 Scale Mail Armor
18:54 Fishing Lines
19:07 Double-Bit Axe
22:55 Castle Age
21:45 Gold Mining
26:04 Medium Warships
25:17 Demolition Ship
26:59 Wheelbarrow
27:53 Squires
28:34 Iron Casting
28:15 Chain Mail Armor
3A
3:35 Loom
12:05 Feudal Age
12:52 Double-Bit Axe
14:48 Wheelbarrow
20:47 Castle Age
meditator27
10:30 Feudal Age
11:00 Double-Bit Axe
13:05 Loom
18:09 Castle Age
18:34 Fletching
19:28 Horse Collar
20:02 Bow Saw
21:35 Wheelbarrow
Connection lost

Rejoining the realm…

Still unreachable

The connection could not be restored.

Session expired

The server has moved on; the page needs a fresh start.